 Dungeon Crawl Stone Soup version 0.31-a0-233-g139696dc86 (webtiles) character file.

Game seed: 6213720858621752177

14065 Iniera the Slicer (level 12, -20/77 HPs)
             Began as a Tengu Gladiator on July 8, 2023.
             Was an Elder of Dithmenos.
             Killed from afar by a frost giant (63 damage)
             ... with a bolt of cold
             ... on level 12 of the Dungeon.
             The game lasted 00:17:20 (11975 turns).

Iniera the Slicer (Tengu Gladiator)                Turns: 11975, Time: 00:17:21

Health: -20/77     AC:  9    Str: 15    XL:     12   Next: 12%
Magic:  16/16      EV: 31    Int: 10    God:    Dithmenos [****..]
Gold:   959        SH:  0    Dex: 19    Spells: 11/11 levels left

rFire   . . .        a - +0 rapier (protect)
rCold   . . .        (no shield)
rNeg    . . .        A - +0 steam dragon scales
rPois   .            c - +2 hat
rElec   .            C - +0 cloak
rCorr   .            (no gloves)
SInv    .            (boots unavailable)
Will    .....        F - amulet of magic regeneration
Stlth   ++++++       u - +5 ring of evasion
HPRegen 0.32/turn    x - +5 ring of evasion
MPRegen 0.55/turn

%: no passive effects
@: flayed, flying quickly and evasively, wreathed by umbra, quick
A: beak, talons 3, nimble flight
a: Renounce Religion, Shadow Step


You were on level 12 of the Dungeon.
You worshipped Dithmenos.
Dithmenos was greatly pleased with you.
You visited 2 branches of the dungeon, and saw 13 of its levels.

You collected 959 gold pieces.

Inventory:

Hand Weapons
 a - a +0 rapier of protection (weapon)
 b - a +2 dagger of draining
Missiles
 d - 2 throwing nets (quivered)
 e - a javelin
 z - 3 curare-tipped darts
Armour
 c - a +2 hat (worn)
 m - a +0 troll leather armour
 A - +0 steam dragon scales (worn)
 C - a +0 cloak (worn)
Jewellery
 q - a ring of willpower
 u - a +5 ring of evasion (left hand)
 x - a +5 ring of evasion (right hand)
 y - a ring of resist corrosion
 F - an amulet of magic regeneration (around neck)
Wands
 s - a wand of flame (16)
 B - a wand of mindburst (8)
Scrolls
 h - 3 scrolls of identify
 l - 4 scrolls of revelation
 r - 3 scrolls of vulnerability
 v - a scroll of butterflies
 w - 3 scrolls of fog
 D - a scroll of teleportation
Potions
 g - a potion of attraction
 i - 3 potions of mutation
 j - 10 potions of curing
 k - 2 potions of ambrosia
 n - 4 potions of cancellation
 p - a potion of berserk rage
 t - a potion of resistance
 E - a potion of brilliance {unknown}
 G - 3 potions of invisibility
Miscellaneous
 f - a sack of spiders


   Skills:
 + Level 9.6 Fighting
 - Level 10.4 Short Blades
 - Level 2.0 Throwing
 + Level 6.8 Armour
 * Level 8.4 Dodging
 + Level 8.3 Stealth
 - Level 5.0 Shields
 - Level 5.0 Invocations


You had 11 spell levels left.
You didn't know any spells.
Your spell library contained the following spells:

 Spells                   Type           Power      Damage    Failure   Level
 Foxfire                  Conj/Fire      0%         2x1d4     36%         1
 Slow                     Hex            0%         N/A       36%         1
 Poisonous Vapours        Pois/Air       0%         N/A       50%         2
 Confusing Touch          Hex            0%         N/A       75%         3
 Mephitic Cloud           Conj/Pois/Air  0%         N/A       75%         3
 Vampiric Draining        Necr           0%         2d6       75%         3
 Passage of Golubria      Tloc           0%         N/A       98%         4
 Fireball                 Conj/Fire      0%         3d3       100%        5
 Freezing Cloud           Conj/Ice/Air   0%         6-21      100%        5
 Silence                  Hex/Air        0%         N/A       100%        5
 Plasma Beam              Fire/Air       0%         2x1d10    100%        6
 Starburst                Conj/Fire      0%         6d3       100%        6
 Lehudib's Crystal Spear  Conj/Erth      0%         10d2      100%        8


Dungeon Overview and Level Annotations

Branches:
Dungeon (12/15)            Temple (1/1) D:4            Lair (0/5) D:11
    Orc (0/2) D:11

Altars:
Ashenzari
Cheibriados
Dithmenos
Elyvilon
Fedhas
Gozag
Hepliaklqana
Kikubaaqudgha
Makhleb
Nemelex Xobeh
Okawaru
Qazlal
Ru
Sif Muna
Trog
Uskayaw
Vehumet
Wu Jian
Xom
Yredelemnul
Zin
The Shining One
Lugonu

Shops:
D:1 =   D:6 (

Portals:
Abyss: D:4
Trove: D:11 (give 12 scrolls of teleportation)

Annotations:
D:7 1 transporter


Innate Abilities, Weirdness & Mutations

You have a beak for a mouth.
You have claws for feet.
Your magical nature lets you fly swiftly and evasively.


Message History

The stone arrow misses you.
Your +0 rapier of protection hums with potential!
a - a +0 rapier of protection (weapon)
Throw: javelin
Press: ? - help, Shift-Dir - straight line, f/p - gargoyle
Aim: a gargoyle, wielding a +0 morningstar (severely damaged, umbra, 79% to hit)
You throw a javelin. The javelin barely misses the gargoyle.
The gargoyle hurls a stone arrow at you.
The stone arrow misses you.
You puncture the gargoyle!
Your weapon exudes an aura of protection.
You destroy the gargoyle!
Dithmenos accepts your kill.
You see here a +0 morningstar.
You see here a javelin.
e - a javelin Autopickup is now on.
Autopickup is now off.
Autopickup is now on.
You now have 959 gold pieces (gained 26).
A flayed ghost is nearby!
Something closely misses you.
Found a +0 dagger of protection.
Something hits you but does no damage.
Deactivating autopickup; reactivate with Ctrl-A.
Something hits you. Something hits you but does no damage.
Things that are here:
a +0 troll leather armour; a troll skeleton
m - a +0 troll leather armour The frost giant shouts!
Something closely misses you.
The flayed ghost cries, "Suffer as I suffered!"
Terrible wounds open up all over your body!
Something barely misses you. Something closely misses you.
The flayed ghost stares at you with tortured malice.
Terrible wounds spread across more of your body!
The frost giant casts a spell at you. The bolt of cold hits you!!!
Ouch! That really hurt!
You die...

................
................
................
........†..[[...
#.C.......# ### #...÷W#
#.##### ##...##
#..#..## ##...##
.......## #...@.#
........## ##...##
....<....# ##.##
.........######.#######
........###...........#
........###.......#.###
..#..#####........###
..#### #........## ..#
####.#......##


You could see a frost giant and a flayed ghost.

Vanquished Creatures
  A two-headed ogre (D:11)
  A boulder beetle (D:11)
  Pikel (D:8)
  A cyclops (D:12)
  A manticore (D:12)
  A gargoyle (D:12)
  2 komodo dragons (D:11)
  6 kobold demonologists
  A tengu conjurer (D:12)
  3 trolls
  2 polar bears
  A hornet (D:10)
  5 slime creatures
  A shadow (D:11)
  2 wraiths (D:12)
  5 wyverns
  7 yaks
  4 steam dragons
  A vampire mosquito (D:12)
  An acid dragon (D:12)
  A water moccasin (D:7)
  2 swamp drakes (D:11)
  7 ice beasts
  A black bear (D:6)
  5 orc warriors
  5 sky beasts
  An ogre (D:11)
  A wolf (D:8)
  2 centaurs
  A phantom (D:5)
  2 kobold brigands
  A bullfrog (D:9)
  2 gnoll sergeants
  A scorpion (D:6)
  4 howler monkeys
  A wyvern simulacrum (D:8)
  3 hounds
  7 orc priests
  2 jellies
  2 sleepcaps
  22 orc wizards
  An iguana (D:5)
  A centaur simulacrum (D:8)
  13 gnolls
  11 adders
  3 shadow imps
  A howler monkey simulacrum (D:8)
  A white imp (D:8)
  An ufetubus (D:8)
  4 worms
  4 dart slugs
  29 orcs
  7 bats
  3 endoplasms
  7 giant cockroaches
  9 goblins
  5 hobgoblins
  4 quokkas
  7 ball pythons
  4 frilled lizards
  12 kobolds
  6 rats
253 creatures vanquished.

Vanquished Creatures (others)
  An orc wizard (D:6)
  2 lurking horrors (D:4)
3 creatures vanquished.

Grand Total: 256 creatures vanquished

Notes
Turn   | Place    | Note
-------+----------+-------------------------------------------
     0 | D:1      | Iniera the Tengu Gladiator began the quest for the Orb.
     0 | D:1      | Reached XP level 1. HP: 12/12 MP: 2/2
   150 | D:1      | Reached XP level 2. HP: 17/17 MP: 3/3
   330 | D:1      | Found Nuhyelo's Jewellery Shop.
   896 | D:2      | Reached skill level 1 in Stealth
   896 | D:2      | Reached XP level 3. HP: 3/21 MP: 4/4
  1221 | D:2      | Reached skill level 4 in Short Blades
  1507 | D:2      | Found a faded altar of an unknown god.
  1833 | D:3      | Reached XP level 4. HP: 27/27 MP: 5/5
  1985 | D:3      | Found a sacrificial altar of Ru.
  2047 | D:3      | Found an ancient bone altar of Kikubaaqudgha.
  2098 | D:3      | Gained mutation: Your magical nature lets you fly swiftly
                  | and evasively. [Tengu growth]
  2098 | D:3      | Reached XP level 5. HP: 31/31 MP: 6/6
  2538 | D:4      | Reached skill level 5 in Short Blades
  2737 | D:4      | Reached XP level 6. HP: 28/37 MP: 7/7
  2829 | D:4      | Found a staircase to the Ecumenical Temple.
  2840 | Temple   | Entered the Ecumenical Temple
  3039 | Temple   | Became a worshipper of Dithmenos the Shadowed
  3188 | D:4      | Found a corrupted altar of Lugonu.
  3188 | D:4      | Found a one-way gate to the infinite horrors of the Abyss.
  3592 | D:5      | Entered Level 5 of the Dungeon
  3738 | D:5      | Noticed an ice beast
  3844 | D:5      | Killed an ice beast
  3845 | D:5      | Reached XP level 7. HP: 41/41 MP: 8/8
  3903 | D:5      | Reached skill level 6 in Short Blades
  3928 | D:5      | Found a shimmering blue altar of Sif Muna.
  3963 | D:5      | Identified the +0 leather armour "Sassiz" {+Inv rElec
                  | Int+3}
  4007 | D:5      | Reached skill level 5 in Dodging
  4417 | D:6      | Reached XP level 8. HP: 44/48 MP: 9/9
  4425 | D:6      | Reached * piety under Dithmenos
  4596 | D:6      | Reached skill level 7 in Short Blades
  4638 | D:6      | Found Faiwkaquih's Antique Weapon Shop.
  5255 | D:6      | Reached skill level 5 in Fighting
  5255 | D:6      | Reached skill level 8 in Short Blades
  5255 | D:6      | Reached skill level 1 in Armour
  5255 | D:6      | Reached skill level 5 in Stealth
  5468 | D:6      | Reached skill level 1 in Invocations
  5555 | D:6      | Reached XP level 9. HP: 54/54 MP: 9/11
  6230 | D:7      | Reached ** piety under Dithmenos
  6323 | D:7      | Found a transporter.
  6337 | D:7      | Noticed a two-headed ogre
  6359 | D:7      | Noticed a troll
  6550 | D:7      | Found a snail-covered altar of Cheibriados.
  6734 | D:8      | Noticed a polar bear
  6812 | D:7      | Killed a polar bear
  6813 | D:7      | Reached skill level 1 in Shields
  7247 | D:8      | Reached skill level 9 in Short Blades
  7247 | D:8      | Reached XP level 10. HP: 61/61 MP: 13/13
  7264 | D:8      | Noticed Pikel
  7293 | D:8      | Killed Pikel
  7713 | D:9      | Found a hazy altar of Hepliaklqana.
  7777 | D:9      | Reached *** piety under Dithmenos
  8258 | D:10     | Entered Level 10 of the Dungeon
  8417 | D:10     | Reached skill level 5 in Armour
  9048 | D:11     | Noticed a kobold demonologist
  9048 | D:11     | Noticed a kobold demonologist
  9050 | D:11     | Noticed a kobold demonologist
  9050 | D:11     | Noticed a kobold demonologist
  9053 | D:11     | Noticed a rust devil
  9083 | D:11     | Killed a kobold demonologist
  9089 | D:11     | Killed a kobold demonologist
  9090 | D:11     | Reached XP level 11. HP: 54/68 MP: 15/15
  9138 | D:11     | Noticed a soul eater
  9432 | D:11     | Found a portal to a secret trove of treasure.
  9675 | D:11     | Found a staircase to the Orcish Mines.
  9689 | D:11     | Noticed a sixfirhy
 10150 | D:11     | Noticed a two-headed ogre
 10163 | D:11     | Killed a two-headed ogre
 10185 | D:11     | Reached **** piety under Dithmenos
 10256 | D:11     | Reached skill level 10 in Short Blades
 10290 | D:11     | Found a staircase to the Lair.
 10500 | D:11     | Noticed a boulder beetle
 10941 | D:11     | Killed a boulder beetle
 11439 | D:12     | Noticed a cyclops
 11491 | D:11     | Reached skill level 5 in Invocations
 11699 | D:12     | Killed a cyclops
 11717 | D:12     | Noticed a manticore
 11718 | D:12     | Noticed a manticore
 11722 | D:12     | Noticed a frost giant
 11726 | D:12     | Noticed a flayed ghost
 11746 | D:12     | Reached XP level 12. HP: 46/76 MP: 16/16
 11753 | D:12     | Reached skill level 5 in Shields
 11975 | D:12     | Killed from afar by a frost giant

Illustrated notes

Levels and vault maps discovered:
D:1:      minmay_arrival_glassed_features, layout_basic, serial_shops,
          nicolae_shop_back_alley_shop, st_stairs_12, grunt_decor_mini_mirrors,
          lemuel_flame_loot_1
D:2:      layout_loops_corners, hellmonk_ecumenical_altar_zigzags,
          minmay_octomino_j4
D:3:      layout_rooms, nicolae_ru_great_annihilating_truth,
          nicolae_kikubaaqudgha_miasma_corner, minivault_11
D:4:      layout_loops_ring, minmay_temple_entry_purple_smoke,
          roderic_roman_lattice, amcnicky_altar_lugonu_corruption
D:5:      layout_rooms, nicolae_sif_muna_condensation
D:6:      minmay_flawed_box, layout_gridville, serial_shops,
          nicolae_shop_just_a_little_nook, kennysheep_small_square
D:7:      gammafunk_beogh_shrine, layout_rooms, cheibrodos_worm_habitat
D:8:      layout_cave_pools, serial_ice, serial_ice_c, serial_ice_e,
          serial_ice_m, serial_ice_n, serial_ice_g, serial_ice_h, uniq_pikel
D:9:      layout_rooms, mainiacjoe_overflow_catwalk
D:10:     layout_long_grid
D:11:     layout_roguey, erik_lair_dragon, erik_orc_1, enter_trove_6,
          hangedman_abyss_or_decor_stabs
D:12:     thingy_vault, layout_cave_pools
Temple:   bh_familiar_temple

Skill      XL: |  1  2  3  4  5  6  7  8  9 10 11 12 |
---------------+-------------------------------------+-----
Stealth        | 1 2 3 4 5 6 7 8 |  8.3
Short Blades   | 4 5 6 8 9 10 | 10.4
Dodging        | 4 5 6 7 8 |  8.4
Fighting       | 3 4 5 6 8 9 |  9.6
Armour         | 1 4 5 6 |  6.8
Invocations    | 1 3 4 5 |  5.0
Shields        | 2 3 4 5 |  5.0
Throwing       | |  2.0

Action                     |  1- 3 |  4- 6 |  7- 9 | 10-12 || total
---------------------------+-------+-------+-------+-------++-------
  Melee: Rapier            |    72 |   159 |   102 |     4 ||   337
         Kick              |    19 |    41 |   149 |   303 ||   512
         Peck              |     4 |    20 |   103 |   140 ||   267
         Punch             |       |     3 |     2 |     7 ||    12
         Dagger            |       |       |   349 |   652 ||  1001
  Throw: Throwing net      |       |     1 |       |     1 ||     2
         Dart              |       |       |       |     5 ||     5
         Javelin           |       |       |       |     2 ||     2
  Evoke: Wand              |       |       |     5 |     6 ||    11
    Use: Scroll            |     4 |    13 |     6 |    10 ||    33
         Potion            |       |       |       |     2 ||     2
   Stab: Paralysed         |       |     1 |       |       ||     1
         Held in net/web   |       |     2 |       |       ||     2
         Sleeping          |       |       |     7 |    11 ||    18
         Distracted        |       |       |       |     2 ||     2
 Armour: Leather armour    |     1 |       |       |       ||     1
         Scale mail        |    37 |    71 |    79 |       ||   187
         Robe              |       |       |     5 |       ||     5
         Steam dragon scal |       |       |       |    43 ||    43
  Dodge: Dodged            |    49 |    90 |   323 |   509 ||   971

Table legend: (Time is in decaauts)
 A = Elapsed time spent in this place.
 B = Non-inter-level travel time spent in this place.
 C = Inter-level travel time spent in this place.
 D = Time resting spent in this place.
 E = Time spent auto-exploring this place.
 F = Levels seen in this place.
 G = Mean time per level.
                   A        B        C        D        E       F      G
               +--------+--------+--------+--------+--------+-----+--------+
         Total |  11019 |  10692 |    327 |   2207 |   6120 |  13 |  847.6 |
       Dungeon |  10822 |  10534 |    288 |   2207 |   5969 |  12 |  901.8 |
        Temple |    197 |    158 |     39 |      0 |    150 |   1 |  197.0 |
               +--------+--------+--------+--------+--------+-----+--------+

Top non-repeatable levels by time:
    D:11: 1810 daAuts
     D:6: 1472 daAuts
     D:4: 1089 daAuts
     D:2: 1061 daAuts
     D:7: 845 daAuts
    D:10: 826 daAuts
     D:1: 791 daAuts
     D:5: 689 daAuts
     D:8: 654 daAuts
    D:12: 647 daAuts
     D:9: 476 daAuts
     D:3: 458 daAuts
  Temple: 197 daAuts
